 Dungeon Crawl Stone Soup version 0.30-a0-782-ge64f9170bb (webtiles) character file.

Game seed: 3470407187549477913

872 karf the Chiller (level 7, 0/36 HPs)
             Began as a Deep Elf Ice Elementalist on Mar 2, 2023.
             Slain by a white imp (2 damage)
             ... on level 6 of the Dungeon.
             The game lasted 00:12:36 (5221 turns).

karf the Chiller (Deep Elf Ice Elementalist)        Turns: 5221, Time: 00:12:36

Health: 0/36       AC:  5    Str:  5    XL:     7   Next: 74%
Magic:  14/16      EV: 12    Int: 22    God:
Gold:   297        SH:  0    Dex: 15    Spells: 8/16 levels left

rFire   . . .      SeeInvis .    e - +2 dagger (venom)
rCold   . . .      Faith    .    q - orb {mayhem}
rNeg    + . .      Spirit   .    a - +0 robe
rPois   .          Reflect  .    (no helmet)
rElec   .          Harm     .    s - +2 cloak
rCorr   .          Rampage  .    (no gloves)
Will    .....                    (no boots)
Stlth   +++                      (no amulet)
HPRegen 0.26/turn                r - ring of positive energy
MPRegen 0.15/turn                (no ring)

@: no status effects
A: no striking features
a: no special abilities


You were on level 6 of the Dungeon.
You visited 1 branch of the dungeon, and saw 6 of its levels.
You also visited: Sewer.

You collected 339 gold pieces.
You spent 42 gold pieces at shops.

Inventory:

Hand Weapons
 e - a +2 dagger of venom (weapon)
Armour
 a - a +0 robe (worn)
 q - an orb of mayhem (worn)
 s - a +2 cloak (worn)
Jewellery
 r - a ring of positive energy (left hand)
Wands
 i - a wand of charming (1)
Scrolls
 d - 3 scrolls of teleportation
 f - a scroll of fear
 h - 3 scrolls of identify {@r1}
 k - 2 scrolls of enchant armour {unknown}
 m - a scroll of blinking {unknown}
 t - a scroll of amnesia {unknown}
Potions
 b - a potion of magic
 c - 3 potions of flight
 g - 3 potions of curing
 j - a potion of ambrosia
 l - 3 potions of invisibility
 n - a potion of lignification
 p - 3 potions of heal wounds


   Skills:
 + Level 3.5 Short Blades
 - Level 2.4 Dodging
 - Level 5.0 Stealth
 - Level 5.0 Spellcasting
 * Level 3.0 Summonings
 * Level 7.6 Ice Magic


You had 8 spell levels left.
You knew the following spells:

 Your Spells              Type           Power      Damage    Failure   Level
a - Freeze                Ice            100%       1d10      1%          1
b - Frozen Ramparts       Ice            78%        1d12      1%          3
c - Summon Ice Beast      Ice/Summ       29%        N/A       11%         4

Your spell library contained the following spells:

 Spells                   Type           Power      Damage    Failure   Level
 Ozocubu's Armour         Ice            39%        N/A       1%          3
 Shock                    Conj/Air       20%        1d4       10%         1
 Swiftness                Air            5%         N/A       30%         3
 Airstrike                Air            2%         2d(1-17)  69%         4


Dungeon Overview and Level Annotations

Branches:
Dungeon (6/15)              Sewer (visited)
 Temple: D:4-7

Altars:
Kikubaaqudgha
Nemelex Xobeh
Okawaru

Shops:
D:3 !!   D:4 =   D:5 (   D:6 [


Message History

There is a stone staircase leading down here.
You climb downwards.
Found Omomexamey's Antique Armour Boutique.
There is a stone staircase leading up here.
The white imp shouts!
You hear a shout!
You hear an angry hiss.
You hear a shout! x2
A water moccasin comes into view.
The white imp gestures at you. The puff of frost hits you!
The white imp gestures at you. The puff of frost hits you!
Found a scroll labelled BACZIC XEOX OXT.
A gnoll sergeant comes into view. It is wielding a +2 trident of flaming.
The white imp gestures at you. The puff of frost hits you!
* * * LOW HITPOINT WARNING * * *
Casting: Freeze (safe; 1% risk of failure)
Confirm with . or Enter, or press ? or * to list all spells.
Aiming: Freeze (safe; 1% risk of failure)
Press: ? - help, Shift-Dir - straight line, f - white imp
Aim: a white imp You freeze the white imp but do no damage.
The white imp completely resists.
The white imp gestures at you. The puff of frost hits you.
* * * LOW HITPOINT WARNING * * *
The water moccasin completely misses you.
The white imp picks up a beetle and eats it.
Casting: Freeze (safe; 1% risk of failure)
Confirm with . or Enter, or press ? or * to list all spells.
Aiming: Freeze (safe; 1% risk of failure)
Press: ? - help, Shift-Dir - straight line, f/p - white imp
Aim: a white imp You freeze the white imp.
The white imp resists.
The white imp is lightly wounded.
A gnoll comes into view. It is wielding a +1 spear of venom.
The white imp hits you.
* * * LOW HITPOINT WARNING * * *
The white imp freezes you.
You die...

#...? #.... #
#.... .# #....
..# #....
#...# ...
#g#..#
#.#g..#..#
######5S∩..#
#....@#...#...
#......#.#....
#...<...#...##
#..........#
#.........##
######.#### ..
..# ..#


You could see a water moccasin, a gnoll sergeant, a gnoll and a white imp.

Vanquished Creatures
  A sky beast (D:5)
  A kobold brigand (Sewer)
  A necrophage (D:4)
  3 scorpions
  A howler monkey (D:5)
  3 vampire bats (D:4)
  A jelly (D:4)
  2 hounds
  An iguana (D:4)
  3 gnolls (D:4)
  5 adders
  2 river rats (Sewer)
  2 ufetubi (D:5)
  3 worms
  A dart slug (D:3)
  An orc (D:3)
  5 ball pythons
  5 bats
  2 bat skeletons (D:4)
  4 bat zombies (D:4)
  4 endoplasms
  7 giant cockroaches
  9 goblins
  6 hobgoblins
  5 jackals
  2 quokkas
  4 frilled lizards
  5 kobolds
  8 rats
97 creatures vanquished.

Vanquished Creatures (collateral kills)
  A jackal (Sewer)
  A kobold (Sewer)
2 creatures vanquished.

Grand Total: 99 creatures vanquished

Notes
Turn   | Place    | Note
-------+----------+-------------------------------------------
     0 | D:1      | karf the Deep Elf Ice Elementalist began the quest for the
                  | Orb.
     0 | D:1      | Reached XP level 1. HP: 10/10 MP: 6/6
   230 | D:1      | Reached XP level 2. HP: 15/15 MP: 8/8
   446 | D:1      | Reached skill level 5 in Ice Magic
   635 | D:1      | Reached skill level 1 in Short Blades
  1167 | D:2      | Reached XP level 3. HP: 19/19 MP: 7/9
  1438 | D:2      | Learned a level 3 spell: Frozen Ramparts
  1718 | D:3      | Found Qoahot's Distillery.
  1766 | D:3      | Bought a potion of curing for 42 gold pieces
  1785 | D:3      | Reached XP level 4. HP: 19/24 MP: 3/10
  1959 | D:3      | Found a sparkling altar of Nemelex Xobeh.
  2123 | D:3      | Found an iron altar of Okawaru.
  2124 | D:3      | Found Lajurgh's Distillery.
  2268 | D:4      | Found Acuteq's Jewellery Shoppe.
  2342 | D:4      | Found a glowing drain.
  2356 | Sewer    | Entered a sewer
  2502 | Sewer    | Noticed a kobold brigand
  2518 | Sewer    | Killed a kobold brigand
  2519 | Sewer    | Reached skill level 6 in Ice Magic
  2519 | Sewer    | Reached XP level 5. HP: 20/28 MP: 3/12
  2607 | Sewer    | Found a white marble altar of Elyvilon.
  2887 | D:4      | Reached XP level 6. HP: 14/32 MP: 4/14
  3644 | D:4      | Learned a level 4 spell: Summon Ice Beast
  3918 | D:4      | Found an ancient bone altar of Kikubaaqudgha.
  3921 | D:4      | Reached skill level 7 in Ice Magic
  3921 | D:4      | Reached XP level 7. HP: 36/36 MP: 12/16
  3925 | D:4      | Reached skill level 1 in Summonings
  4008 | D:4      | Reached skill level 5 in Spellcasting
  4145 | D:5      | Entered Level 5 of the Dungeon
  4385 | D:5      | Reached skill level 5 in Stealth
  5000 | D:5      | Found Appiuq's Antique Weapon Emporium.
  5215 | D:6      | Found Omomexamey's Antique Armour Boutique.
  5221 | D:6      | Slain by a white imp

Illustrated notes

Levels and vault maps discovered:
D:1:      dpeg_arrival_boxes_within_box, layout_basic, kennysheep_doodads
D:2:      layout_rooms
D:3:      layout_rooms, mainiacjoe_overflow_catwalk_spiral, serial_shops,
          nicolae_square_shop, nicolae_shop_stone, corexii_leaking_fountain
D:4:      layout_basic, kennysheep_vampire_church, serial_shops,
          nicolae_shop_temple_entry_statues_fountains, serial_corexii_hall,
          corexii_hall_statues_s, chequers_hall_statues_y,
          chequers_hall_statues_corner_a, corexii_hall_statues_s,
          cheibrodos_sewer_entry_bend
D:5:      layout_basic, serial_shops, shop, reono_crystal_passage
D:6:      layout_rooms, nicolae_ashenzari_panopticon, serial_shops,
          nicolae_diamond_shop

Skill      XL: |  1  2  3  4  5  6  7 |
---------------+----------------------+-----
Ice Magic      | 5 6 7 |  7.6
Short Blades   | 1 2 3 |  3.5
Stealth        | 3 4 5 |  5.0
Spellcasting   | 4 5 |  5.0
Summonings     | 3 |  3.0
Dodging        | |  2.4

Action                     |  1- 3 |  4- 6 |  7- 9 || total
---------------------------+-------+-------+-------++-------
  Melee: Dagger            |    27 |    61 |    13 ||   101
   Cast: Freeze            |    45 |    60 |    11 ||   116
         Frozen Ramparts   |     3 |     9 |     2 ||    14
    Use: Scroll            |       |     5 |     3 ||     8
         Potion            |       |     1 |       ||     1
   Stab: Sleeping          |     6 |     6 |     2 ||    14
         Distracted        |       |     1 |       ||     1
 Armour: Robe              |    13 |    82 |     4 ||    99
  Dodge: Dodged            |    42 |   149 |    17 ||   208

Table legend: (Time is in decaauts)
 A = Elapsed time spent in this place.
 B = Non-inter-level travel time spent in this place.
 C = Inter-level travel time spent in this place.
 D = Time resting spent in this place.
 E = Time spent auto-exploring this place.
 F = Levels seen in this place.
 G = Mean time per level.
                   A        B        C        D        E       F      G
               +--------+--------+--------+--------+--------+-----+--------+
         Total |   5240 |   5052 |    188 |    890 |   3269 |   7 |  748.6 |
       Dungeon |   4917 |   4729 |    188 |    759 |   3153 |   6 |  819.5 |
         Sewer |    322 |    322 |      0 |    131 |    116 |   1 |  322.0 |
               +--------+--------+--------+--------+--------+-----+--------+

Top non-repeatable levels by time:
     D:4: 1597 daAuts
     D:1: 1071 daAuts
     D:5: 1066 daAuts
     D:3: 603 daAuts
     D:2: 571 daAuts
   Sewer: 322 daAuts
     D:6: 7 daAuts
